 Dungeon Crawl Stone Soup version 0.30-a0-726-gd89dcf765f (webtiles) character file.

Game seed: 16093006085823621833

353 ryw the Chiller (level 6, -2/28 HPs)
             Began as a Vine Stalker Ice Elementalist on Jan 30, 2023.
             Succumbed to Duvessa's poison
             ... on level 4 of the Dungeon.
             The game lasted 00:10:52 (3163 turns).

ryw the Chiller (Vine Stalker Ice Elementalist)     Turns: 3163, Time: 00:10:53

Health: -2/28      AC:  6    Str:  9 (10) XL:     6   Next: 62%
Magic:  4/22       EV: 12    Int: 20 (23) God:
Gold:   69         SH:  0    Dex: 14 (15) Spells: 2/13 levels left

rFire   . . .      SeeInvis .    p - +2 short sword (venom)
rCold   . . .      Faith    .    (no shield)
rNeg    . . .      Spirit   +    a - +0 robe
rPois   .          Reflect  .    j - +0 helmet
rElec   .          Harm     .    (no cloak)
rCorr   .          Rampage  .    s - +2 pair of gloves
Will    .....                    (no boots)
Stlth   +++                      (no amulet)
HPRegen 1.04/turn                k - +6 ring of intelligence
MPRegen 0.18/turn                e - ring of magical power

@: mighty, lethally poisoned (-2 -> -12), freezing walls
A: fangs 2, regeneration 1, magic shield, antimagic bite, no potion heal 2
a: no special abilities


You were on level 4 of the Dungeon.
You visited 1 branch of the dungeon, and saw 4 of its levels.

You collected 69 gold pieces.

Inventory:

Hand Weapons
 p - a +2 short sword of venom (weapon)
Armour
 a - a +0 robe (worn)
 j - a +0 helmet (worn)
 s - a +2 pair of gloves (worn)
Jewellery
 e - a ring of magical power (right hand)
 k - a +6 ring of intelligence (left hand)
Scrolls
 c - 2 scrolls of fear
 l - a scroll of noise {unknown}
 r - a scroll of magic mapping {unknown}
Potions
 b - a potion of magic
 d - 2 potions of mutation {unknown}
 f - a potion of might
 g - 2 potions of heal wounds
 i - a potion of lignification {unknown}
 m - a potion of attraction {unknown}
 o - a potion of resistance {unknown}
 q - a potion of ambrosia {unknown}


   Skills:
 + Level 0.0 Fighting
 - Level 1.0 Polearms
 + Level 2.0 Dodging
 + Level 4.8 Stealth
 + Level 4.2 Spellcasting
 + Level 5.4 Ice Magic


You had 2 spell levels left.
You knew the following spells:

 Your Spells              Type           Power      Damage    Failure   Level
a - Freeze                Ice            100%       1d10      1%          1
b - Frozen Ramparts       Ice            52%        1d8       4%          3
c - Ozocubu's Armour      Ice            26%        N/A       4%          3
d - Summon Ice Beast      Ice/Summ       15%        N/A       38%         4

Your spell library contained the following spells:

 Spells                   Type           Power      Damage    Failure   Level
 Summon Small Mammal      Summ           16%        N/A       13%         1
 Call Canine Familiar     Summ           4%         N/A       36%         3
 Ignite Poison            Fire/Tmut/Pois 4%         N/A       36%         3
 Summon Guardian Golem    Hex/Summ       4%         N/A       36%         3
 Sticky Flame             Conj/Fire      4%         2d3       77%         4
 Ignition                 Fire           2%         3d3       100%        8


Dungeon Overview and Level Annotations

Branches:
Dungeon (4/15)
 Temple: D:4-7

Altars:
Gozag
Ru

Annotations:
D:4 Dowan, Duvessa


Innate Abilities, Weirdness & Mutations

You have extremely sharp teeth.
Your natural rate of healing is unusually fast.
When hurt, damage is shared between your health and your magic reserves.
Your bite disrupts and absorbs the magic of your enemies.
Potions cannot restore your health.


Message History

You are poisoned.
The grasping roots constrict you.
Casting: Freeze (safe; 1% risk of failure)
Confirm with . or Enter, or press ? or * to list all spells.
Aiming: Freeze (safe; 1% risk of failure)
Press: ? - help, Shift-Dir - straight line, f/p - Duvessa
Aim: Duvessa, wielding a +1 short sword of venom, wearing a +0 scale mail and carrying a wand of roots (1) (moderately wounded)
You freeze Duvessa.
Duvessa is heavily wounded.
You feel very sick.
The wall freezes Duvessa but does no damage.
Duvessa hits you with a +1 short sword of venom!
You are more poisoned.
The grasping roots constrict you.
The grasping roots release their grip on you.
Okay, then.
It was a potion of heal wounds.
That seemed strangely inert.
* * * LOW HITPOINT WARNING * * *
You feel very sick.
The wall freezes Duvessa.
Duvessa barely misses you.
Casting: Freeze (safe; 1% risk of failure)
Confirm with . or Enter, or press ? or * to list all spells.
Okay, then.
Casting: Freeze (safe; 1% risk of failure)
Confirm with . or Enter, or press ? or * to list all spells.
A chill wind blows around you.
* * * LOW HITPOINT WARNING * * *
You feel very sick.
The wall freezes Duvessa but does no damage.
Duvessa hits you but does no damage.
You are lethally poisoned!
It was a potion of might.
You feel very mighty all of a sudden.
* * * LOW HITPOINT WARNING * * *
You feel very sick.
The wall freezes Duvessa.
Duvessa misses you.
It was a potion of degeneration.
There was something very wrong with that liquid.
You feel weakened.
You feel dopey.
You feel clumsy.
You die...

#.[.......# ..# #.........# .
..### ###########.......## o.
.... ...................# ...
...######......#.........###
....#...........................
.................#.........###
.... #.'#######e..............#
..>. #†..#...#@Y............##
..... #...#e).#......<.....#..#
.. #.#.#.......##.##).##.##....#
## ...###._.####.#............#
.# #..#.......#....####.##....#
.####..#...#...#...## #.##....#
.......#...#...#..## #.####..#
.### #.'#######+..# #.. ..# ##
#.....##.....# ##. ..#


You could see Duvessa (ally target) and a friendly ice beast (summoned).

Vanquished Creatures
  Sigmund (D:3)
  Jessica (D:2)
  An orc wizard (D:3)
  3 gnolls (D:3)
  4 adders
  A worm (D:2)
  A dart slug (D:2)
  8 orcs (D:3)
  8 ball pythons
  2 bats
  5 endoplasms
  5 giant cockroaches
  8 goblins
  5 hobgoblins
  6 frilled lizards
  4 kobolds
  6 rats
69 creatures vanquished.

Notes
Turn   | Place    | Note
-------+----------+-------------------------------------------
     0 | D:1      | ryw the Vine Stalker Ice Elementalist began the quest for
                  | the Orb.
     0 | D:1      | Reached XP level 1. HP: 9/9 MP: 4/4
   340 | D:1      | Reached XP level 2. HP: 13/13 MP: 1/6
   512 | D:1      | Found a faded altar of an unknown god.
   955 | D:2      | Reached XP level 3. HP: 16/16 MP: 2/7
  1013 | D:2      | Learned a level 3 spell: Frozen Ramparts
  1611 | D:2      | Learned a level 3 spell: Ozocubu's Armour
  1639 | D:2      | Gained mutation: Your natural rate of healing is unusually
                  | fast. [Vine Stalker growth]
  1639 | D:2      | Reached XP level 4. HP: 12/21 MP: 3/9
  1796 | D:2      | Reached skill level 1 in Polearms
  1927 | D:3      | Noticed Jessica
  2024 | D:3      | Noticed Sigmund
  2037 | D:3      | Killed Sigmund
  2038 | D:3      | Reached skill level 5 in Ice Magic
  2038 | D:3      | Reached XP level 5. HP: 13/24 MP: 2/11
  2038 | D:3      | Reached XP level 6. HP: 16/28 MP: 2/12
  2229 | D:2      | Learned a level 4 spell: Summon Ice Beast
  2262 | D:2      | Killed Jessica
  2341 | D:3      | Found an opulent altar of Gozag.
  3073 | D:4      | Noticed Dowan
  3119 | D:4      | Found a sacrificial altar of Ru.
  3141 | D:4      | Noticed Duvessa
  3162 | D:4      | HP: 1/28 [poisoned by Duvessa]
  3163 | D:4      | Succumbed to Duvessa's poison

Illustrated notes

Levels and vault maps discovered:
D:1:      dpeg_arrival_water_temple_mockup, layout_basic,
          hellmonk_ecumenical_altar_lost_god, chequers_serial_rivers_micro_d,
          item_on_display_a
D:2:      layout_basic
D:3:      layout_rooms, nicolae_gozag_seed_capital, uniq_jessica, uniq_sigmund
D:4:      layout_rooms, nicolae_ru_great_annihilating_truth,
          minmay_fractal_squares_gapless_5, uniq_duvessa

Skill      XL: |  1  2  3  4  5  6 |
---------------+-------------------+-----
Dodging        | 2 |  2.0
Stealth        | 3 4 |  4.8
Polearms       | 1 |  1.0
Spellcasting   | 3 4 |  4.2
Ice Magic      | 5 |  5.4

Action                     |  1- 3 |  4- 6 || total
---------------------------+-------+-------++-------
  Melee: Trident           |    47 |    43 ||    90
         Bite              |     5 |     8 ||    13
         Short sword       |       |    12 ||    12
         Punch             |       |     2 ||     2
   Cast: Freeze            |    23 |    15 ||    38
         Frozen Ramparts   |     2 |    11 ||    13
         Summon Ice Beast  |       |     1 ||     1
    Use: Potion            |       |     3 ||     3
         Scroll            |       |     2 ||     2
   Stab: Sleeping          |    11 |     2 ||    13
         Distracted        |       |     1 ||     1
         Paralysed         |       |     1 ||     1
 Armour: Robe              |    12 |    12 ||    24
  Dodge: Dodged            |    23 |    37 ||    60

Table legend: (Time is in decaauts)
 A = Elapsed time spent in this place.
 B = Non-inter-level travel time spent in this place.
 C = Inter-level travel time spent in this place.
 D = Time resting spent in this place.
 E = Time spent auto-exploring this place.
 F = Levels seen in this place.
 G = Mean time per level.
                   A        B        C        D        E       F      G
               +--------+--------+--------+--------+--------+-----+--------+
         Total |   3191 |   3016 |    175 |    358 |   1987 |   4 |  797.8 |
       Dungeon |   3191 |   3016 |    175 |    358 |   1987 |   4 |  797.8 |
               +--------+--------+--------+--------+--------+-----+--------+

Top non-repeatable levels by time:
     D:2: 1364 daAuts
     D:1: 902 daAuts
     D:3: 677 daAuts
     D:4: 247 daAuts
